 Dungeon Crawl Stone Soup version 0.31-a0-431-g88bdf31460 (webtiles) character file.

Game seed: 9677631555785297406

191 LeprechaunX the Ruffian (level 5, -2/36 HPs)
             Began as an Octopode Shapeshifter on July 31, 2023.
             Slain by an adder (3 damage)
             ... in a sewer.
             The game lasted 00:03:54 (2484 turns).

LeprechaunX the Ruffian (Octopode Shapeshifter)     Turns: 2484, Time: 00:03:54

Health: -2/36      AC:  1    Str: 16    XL:     5   Next: 70%
Magic:  5/5        EV: 13    Int: 11    God:
Gold:   179        SH:  0    Dex: 12    Spells: 2/4 levels left

rFire   . .          .
                       - Unarmed
rCold   . . .        (no shield)
rNeg    . . .        (helmet currently unavailable)
rPois   .            (no amulet)
rElec   .            (no ring)
rCorr   .            (no ring)
SInv    .            (no ring)
Will    .....        (no ring)
Stlth   +++          (no ring)
HPRegen 0.26/turn    (no ring)
MPRegen 0.09/turn    (no ring)
                     (no ring)

%: no passive effects
@: lethally poisoned (-2 -> -5), beast-form
A: beast (slay +2), almost no armour, amphibious, 8 rings, camouflage 1,
gelatinous body 1, nimble swimmer 1, tentacles
a: Begin Untransformation


You were in a sewer.
You were a hulking beast.
You visited 1 branch of the dungeon, and saw 4 of its levels.
You also visited: Sewer.

You collected 179 gold pieces.

Inventory:

Missiles
 i - 3 datura-tipped darts (quivered)
Talismans
 b - a beast talisman (active)
Scrolls
 e - 6 scrolls of identify {unknown}
 f - 5 scrolls of revelation {unknown}
 h - a scroll of enchant weapon {unknown}
 n - a scroll of vulnerability {unknown}
 o - a scroll of fear {unknown}
 q - a scroll of immolation {unknown}
 u - a scroll of fog {unknown}
Potions
 a - a potion of lignification
 c - a potion of invisibility {unknown}
 d - 3 potions of degeneration {unknown}
 g - a potion of haste {unknown}
 j - a potion of enlightenment {unknown}
 k - a potion of berserk rage {unknown}
 l - 2 potions of heal wounds {unknown}
 m - a potion of mutation {unknown}
 p - a potion of brilliance {unknown}
 r - a potion of might {unknown}
 s - a potion of curing {unknown}
 t - a potion of attraction {unknown}


   Skills:
 + Level 2.8 Fighting
 - Level 3.0 Dodging
 + Level 4.0 Unarmed Combat
 + Level 3.8 Shapeshifting


You had 2 spell levels left.
You knew the following spells:

 Your Spells              Type           Power      Damage    Failure   Level
a - Wereblood             Tmut           0%         N/A       47%         2

Your spell library contained the following spells:

 Spells                   Type           Power      Damage    Failure   Level
 Sting                    Tmut/Pois      0%         1d3       34%         1
 Dazzling Flash           Conj/Hex       0%         N/A       71%         3
 Swiftness                Air            0%         N/A       71%         3
 Volatile Blastmotes      Fire/Tloc      0%         2d10      71%         3
 Conjure Ball Lightning   Conj/Air       0%         3x3d6     100%        6
 Starburst                Conj/Fire      0%         6d3       100%        6
 Maxwell's Capacitive Co  Air            0%         ∞         100%        8


Dungeon Overview and Level Annotations

Branches:
Dungeon (4/15)              Sewer (1/1)
 Temple: D:4-7

Altars:
Gozag
Sif Muna
Wu Jian


Innate Abilities, Weirdness & Mutations

You are a hulking beast.
Your limbs bulge with bestial killing power. (Slay +2)
You cannot wear most types of armour.
You are amphibious.
You can wear up to eight rings at the same time.
Your skin changes colour to match your surroundings (Stealth+).
Your rubbery body absorbs attacks. (AC +1, EV +1)
You are camouflaged when in or above water. (Stealth+)
You have tentacles for arms and can constrict up to eight enemies at once.


Message History

You constrict the adder.
You hear an angry hiss.
An adder comes into view.
The adder bites you.
The adder struggles to escape constriction.
You bludgeon the adder!
You kill the adder!
The adder barely misses you. The adder closely misses you.
You bludgeon the adder! Your grab misses the adder.
The adder is severely wounded.
The adder bites you. The adder barely misses you.
Unknown command.
You would drown in your new form.
Unknown command.
The adder attacks as you move away! The adder misses you.
The bullfrog hits you. The adder bites you.
You are poisoned.
The adder poisons you! The bullfrog barely misses you.
The adder barely misses you. The adder attacks as you move away!
The adder bites you but does no damage.
You feel sick. The adder bites you. x2
You are more poisoned.
The adder poisons you! The adder bites you. The adder attacks as you move away!
The adder barely misses you.
You feel sick. The adder misses you. The adder attacks as you move away!
The adder bites you.
You feel sick. The bullfrog hits you!
* * * LOW HITPOINT WARNING * * *
The adder barely misses you. The adder misses you.
A bullfrog comes into view.
The adder barely misses you. The adder attacks as you move away!
The adder closely misses you.
You feel sick. The bullfrog hits you.
* * * LOW HITPOINT WARNING * * *
The adder bites you.
* * * LOW HITPOINT WARNING * * *
Unknown command.
Unknown command.
The adder attacks as you move away! The adder bites you.
You die...

#......##..###....
##~....##..# #.~~.
#~~~~~~##### #~~~~
#~≈~~~≈# #≈~†~
#≈~~~~≈# #~†~~
#≈~~~~≈# #~~~≈
#≈~~~~≈# #~~~~
#~S~~≈≈# ##†.~
#hFS~≈≈# #≈†.[
#SSS≈≈≈# ##...
#~.~≈≈≈# #≈≈~~
#~~#~≈≈# #≈≈~~
#~≈~~~≈# #≈~~~
#≈~~F~≈# #~~~~
#≈~~~~≈# #~~~~
#~≈~~~~# #~~~≈
#~~~#~~# #~~~~


You could see 2 bullfrogs, 4 adders and a ball python.

Vanquished Creatures
  6 adders (Sewer)
  5 river rats
  An ufetubus (D:3)
  2 worms
  An orc (D:3)
  7 endoplasms
  5 giant cockroaches
  4 goblins
  4 hobgoblins
  2 kobolds
  3 quokkas (D:3)
  14 ball pythons
  4 bats
  5 frilled lizards
  26 rats
89 creatures vanquished.

Notes
Turn   | Place    | Note
-------+----------+-------------------------------------------
     0 | D:1      | LeprechaunX the Octopode Shapeshifter began the quest for
                  | the Orb.
     0 | D:1      | Reached XP level 1. HP: 13/13 MP: 1/1
   156 | D:1      | Reached XP level 2. HP: 14/18 MP: 2/2
   821 | D:2      | Got the Quarto of Remoulded Inhalation
   957 | D:2      | Reached XP level 3. HP: 22/23 MP: 3/3
  1331 | D:3      | Found a shimmering blue altar of Sif Muna.
  1348 | D:3      | Learned a level 2 spell: Wereblood
  1749 | D:3      | Found an ornate altar of the Wu Jian Council.
  1808 | D:3      | Reached XP level 4. HP: 17/29 MP: 4/4
  1908 | D:3      | Found an opulent altar of Gozag.
  1975 | D:4      | Found a glowing drain.
  1979 | Sewer    | Entered a sewer
  2189 | Sewer    | Reached XP level 5. HP: 33/34 MP: 5/5
  2358 | Sewer    | Reached skill level 4 in Unarmed Combat
  2483 | Sewer    | HP: 1/36 [adder (1)]
  2484 | Sewer    | Slain by an adder

Illustrated notes

Levels and vault maps discovered:
D:1:      arrival_zaba_pyramid, layout_loops_ring
D:2:      layout_basic
D:3:      layout_basic, mainiacjoe_overflow_alcove_1, lemuel_crystal_altar,
          mainiacjoe_overflow_alcove_2, kennysheep_pointless_box
D:4:      layout_loops_ring, zin_scriptorium, gup_sewer_entry_bowl
Sewer:    sewer_minmay_w

Skill      XL: |  1  2  3  4  5 |
---------------+----------------+-----
Fighting       | 2 |  2.8
Dodging        | 3 |  3.0
Unarmed Combat | 4 |  4.0
Shapeshifting  | |  3.8

Action                     |  1- 3 |  4- 6 || total
---------------------------+-------+-------++-------
  Melee: Unarmed           |    78 |    85 ||   163
         Tentacles         |    12 |    10 ||    22
         Constrict         |    13 |    18 ||    31
         Punch             |     1 |     2 ||     3
   Stab: Sleeping          |    10 |     2 ||    12
 Armour: Skin              |     3 |     9 ||    12
  Dodge: Dodged            |    39 |    74 ||   113

Table legend: (Time is in decaauts)
 A = Elapsed time spent in this place.
 B = Non-inter-level travel time spent in this place.
 C = Inter-level travel time spent in this place.
 D = Time resting spent in this place.
 E = Time spent auto-exploring this place.
 F = Levels seen in this place.
 G = Mean time per level.
                   A        B        C        D        E       F      G
               +--------+--------+--------+--------+--------+-----+--------+
         Total |   2471 |   2356 |    115 |    220 |   1651 |   5 |  494.2 |
       Dungeon |   1972 |   1857 |    115 |      0 |   1548 |   4 |  493.0 |
         Sewer |    499 |    499 |      0 |    220 |    103 |   1 |  499.0 |
               +--------+--------+--------+--------+--------+-----+--------+

Top non-repeatable levels by time:
     D:1: 731 daAuts
     D:3: 662 daAuts
     D:2: 540 daAuts
   Sewer: 499 daAuts
     D:4: 37 daAuts
